Cogmind - Beta 9.4 @@@ ROGUE MODE // 2020.01.25 @ 20:30:17 Player: Stryker Result: Destroyed by B-74 Champion with Powered Hammer Performance ------------- Evolutions (6) 3000 Regions Visited (20) 4000 Robots Destroyed (230) 1150 Value Destroyed (11551) 11551 Prototype IDs (33) 660 Alien Tech Used (0) 0 Bonus (4714) 4714 TOTAL SCORE: 25075 Bonus ------- High Alert Combat Kills 94 Follower Combat Kills 974 Aligned with FarCom 300 Met Imprinter 300 Met Warlord at Base 500 MAIN.C Attacked Warlord 500 Warlord Defense Kill 2738 Friendly Fire -692 Cogmind --------- Core Integrity 0/1150 Matter 262/300 Energy 100/100 System Corruption 11% Temperature Cool (0) Movement Core (550) Ox10 Location -4/Warlord Parts ------- > --- POWER (1) -------- (None) > --- PROPULSION (7) --- (None) > --- UTILITY (8) ------ High-capacity Storage Unit > --- WEAPON (3) ------- (None) > --- INVENTORY (12) --- Vortex Chain Reactor High-capacity Storage Unit High-capacity Storage Unit Compact Matter Pod (150) Experimental Armor Integrity Analyzer Improved Kinecellerator Improved System Restoration Module Vortex Shotgun Enhanced Gauss Cannon Heavy Shock Bomb Launcher Power Sword Peak State ------------ > --- POWER ------------ Particle Reactor > --- PROPULSION ------- Improved Medium Treads Improved Medium Treads Heavy Treads Advanced Medium Treads Improved Heavy Treads > --- UTILITY ---------- Advanced Cooling System High-capacity Storage Unit High-capacity Storage Unit Improved Weapon Cycler Layered Heavy Armor Plating Centrium Medium Armor Plating Centrium Medium Armor Plating > --- WEAPON ----------- Railgun Improved KE Penetrator Heavy Shock Bomb Launcher > --- INVENTORY -------- Particle Reactor Improved Treads Medium Treads Armored Medium Treads Armored Medium Treads Armored Medium Treads High-capacity Storage Unit Compact Matter Pod Improved Kinecellerator Improved Medium Armor Plating Remote Force Field Improved System Restoration Module High-powered Shotgun Coil Gun Improved KE Penetrator AWS/Gauss Enhanced Gauss Cannon Power Sword [Rating: 126] Favorites ----------- Power Improved Deuterium Engine Engine Improved Deuterium Engine Power Core Neutrino Core Reactor Particle Reactor Propulsion Compact Wheel Treads Armored Medium Treads Leg Aluminum Leg Wheel Compact Wheel Utility High-capacity Storage Unit Device Improved Weapon Cycler Storage High-capacity Storage Unit Hackware System Shield Protection Centrium Medium Armor Plating Weapon Improved KE Penetrator Energy Gun Gatling Laser Energy Cannon Improved EM Pulse Cannon Ballistic Gun Improved KE Penetrator Ballistic Cannon Bore Cannon Launcher Heavy Shock Bomb Launcher Slashing Weapon Power Sword Build | -11 -10 -10 -10 -9 -8 -7 -7 -7 -7 -6 -6 -5 -5 -5 -5 -5 -4 -4 -4 -4 ------- Run | Scr Mat Min Exi Min Mat Fac Low Low Zio Pro Fac Fac Ext Cet Arc Hub Fac Upp Upp War Slots Evolved 12 | . . . . . 4 2 . . . . 2 2 . . . . 2 . . . Power . | . . . . . . . . . . . . . . . . . . . . . Propulsion 5 | . . . . . 1 1 . . . . 1 1 . . . . 1 . . . Utility 6 | . . . . . 2 1 . . . . 1 1 . . . . 1 . . . Weapon 1 | . . . . . 1 . . . . . . . . . . . . . . . Parts Attached 243 | 2 5 1 2 . 19 27 5 1 4 11 23 51 19 9 7 7 10 7 10 23 Power 12 | . . . . . 3 2 . . . . 1 3 . . 1 . . . . 2 Engine 6 | . . . . . 3 2 . . . . 1 . . . . . . . . . Core 2 | . . . . . . . . . . . . 2 . . . . . . . . Reactor 4 | . . . . . . . . . . . . 1 . . 1 . . . . 2 Propulsion 58 | 1 2 . . . 4 7 1 1 . 3 6 16 2 1 3 . 4 1 2 4 Treads 40 | . 2 . . . 2 3 1 1 . . 2 14 1 1 3 . 3 1 2 4 Leg 7 | . . . . . 1 3 . . . 3 . . . . . . . . . . Wheel 11 | 1 . . . . 1 1 . . . . 4 2 1 . . . 1 . . . Hover . | . . . . . . . . . . . . . . . . . . . . . Flight . | . . . . . . . . . . . . . . . . . . . . . Utility 76 | 1 2 . 2 . 5 6 1 . . 5 6 18 14 2 . 1 2 . 4 7 Device 48 | . . . . . 3 4 1 . . 4 4 11 13 1 . . 1 . 1 5 Storage 8 | 1 2 . 2 . 1 1 . . . . . . . . . . . . . 1 Processor . | . . . . . . . . . . . . . . . . . . . . . Hackware 2 | . . . . . . . . . . . . 1 1 . . . . . . . Protection 18 | . . . . . 1 1 . . . 1 2 6 . 1 . 1 1 . 3 1 Artifact . | . . . . . . . . . . . . . . . . . . . . . Weapon 97 | . 1 1 . . 7 12 3 . 4 3 10 14 3 6 3 6 4 6 4 10 Energy Gun 14 | . . 1 . . 3 4 . . . 2 . . . 1 . . . . . 3 Energy Cannon 3 | . . . . . . 1 1 . . . 1 . . . . . . . . . Ballistic Gun 34 | . 1 . . . 3 4 1 . 1 . 1 8 2 2 1 3 . 1 3 3 Ballistic Cannon 11 | . . . . . . 1 . . 2 . 3 1 1 . 1 . 1 1 . . Launcher 18 | . . . . . 1 1 1 . 1 . 2 1 . 2 1 2 1 2 1 2 Special Weapon . | . . . . . . . . . . . . . . . . . . . . . Impact Weapon . | . . . . . . . . . . . . . . . . . . . . . Slashing Weapon 17 | . . . . . . 1 . . . 1 3 4 . 1 . 1 2 2 . 2 Piercing Weapon . | . . . . . . . . . . . . . . . . . . . . . Special Melee Weapon . | . . . . . . . . . . . . . . . . . . . . . Unidentified Prototypes 10 | . . . . . . . . . 1 . . 1 . 3 . . . . . 5 Parts Lost 69 | . . . . . 11 6 2 1 . 5 10 2 . 2 1 1 . . 6 22 Power 6 | . . . . . 2 1 . . . . 1 . . . . . . . . 2 Propulsion 25 | . . . . . 3 2 . 1 . 3 5 1 . 1 . . . . 1 8 Utility 20 | . . . . . 2 . 1 . . . 3 1 . . . 1 . . 4 8 Weapon 18 | . . . . . 4 3 1 . . 2 1 . . 1 1 . . . 1 4 Highest Loss Streak 16 | . . . . . 4 3 2 1 . 3 8 1 . 2 1 1 . . 3 16 Average Slot Usage (%) 92 | . 98 100 100 100 90 95 99 99 99 99 89 93 93 93 94 93 90 85 83 78 Engine 4 | . 14 14 14 14 8 7 7 7 7 7 5 1 . . . . . . . . Reactor 1 | . . . . . . . . . . . . . . . 2 5 5 5 5 4 Treads 19 | . 11 14 14 14 14 15 22 22 23 19 9 17 23 22 23 23 23 17 17 25 Leg 2 | . 1 . . . 1 5 . . . 9 14 . . . . . . . . . Wheel 8 | . 14 14 14 14 8 7 7 7 7 . 3 15 10 11 11 11 10 10 7 . Device 15 | . . . . . 5 16 16 23 23 21 20 21 16 13 11 11 15 15 13 10 Storage 13 | . 28 28 28 28 21 15 15 15 15 15 13 11 11 11 11 11 10 10 10 11 Protection 5 | . . . . . 5 3 5 . . 1 2 5 5 8 11 10 9 10 11 13 Energy Gun 2 | . 14 14 14 14 8 7 5 . . 6 2 . . 3 1 . . . . . Energy Cannon 1 | . . . . . . . 1 7 7 . 2 . . . . . . . . . Ballistic Gun 10 | . 13 14 14 14 15 11 9 15 9 7 5 8 13 7 5 10 10 10 11 7 Ballistic Cannon 1 | . . . . . . . . . 4 6 2 . 2 1 3 1 2 2 . . Launcher 1 | . . . . . . . 3 . . . . . . 2 5 2 1 2 3 2 Naked Turns . | . . . . . . . . . . . . . . . . . . . . . Heaviest Build 152 | 16 40 40 72 72 80 97 99 99 104 110 111 139 149 151 152 152 150 150 150 145 Greatest Support 235 | 20 20 20 16 16 40 10 10 10 10 66 64 108 32 28 28 110 160 175 235 235 Greatest Overweight (x) 21 | . 2 2 4 4 7 9 9 9 10 10 10 7 5 5 5 5 5 5 5 21 Average Overweight (x) 4 | . 1 1 2 4 4 8 9 9 9 1 2 2 4 4 5 4 4 3 . . Largest Inventory Capacity 20 | 8 16 16 20 20 20 20 20 20 20 20 20 20 20 20 20 20 20 20 20 20 Average Capacity 19 | 6 15 16 16 20 20 20 20 20 20 20 20 20 20 20 20 20 20 20 20 19 Most Carried 20 | 6 9 13 18 20 20 20 20 19 20 20 20 20 20 20 20 20 20 20 20 20 Average Carried 19 | 6 8 11 14 19 19 19 19 18 19 19 19 19 19 19 19 19 19 19 19 19 Final Capacity 20 | 8 16 16 20 20 20 20 20 20 20 20 20 20 20 20 20 20 20 20 20 12 Final Carried 20 | 6 9 13 18 20 17 20 18 19 20 17 19 20 20 20 20 20 20 20 19 12 Class Distribution -------------------- 19% | Hauler-Mutant 19% | Scavenger-Tank 19% | Scavenger-Mutant 14% | Hauler-Gunner 8% | Hauler-Tank 7% | Scavenger-Skirmisher 5% | Mutant 3% | Hauler-Skirmisher Dominant Class ---------------- Mutant | -10/Materials Mutant | -10/Mines Mutant | -10/Exiles Hauler-Mutant | -9/Mines Hauler-Skirmisher | -8/Materials Scavenger-Skirmisher | -7/Factory Hauler-Mutant | -7/Lower Caves Hauler-Gunner | -7/Lower Caves Hauler-Gunner | -7/Zion Hauler-Mutant | -6/Proximity Caves Scavenger-Mutant | -6/Factory Hauler-Tank | -5/Factory Scavenger-Tank | -5/Extension Hauler-Mutant | -5/Cetus Scavenger-Tank | -5/Archives Scavenger-Mutant | -5/Hub_04(d) Scavenger-Mutant | -4/Factory Scavenger-Tank | -4/Upper Caves Hauler-Mutant | -4/Upper Caves Scavenger-Tank | -4/Warlord Resources | -11 -10 -10 -10 -9 -8 -7 -7 -7 -7 -6 -6 -5 -5 -5 -5 -5 -4 -4 -4 -4 ----------- Run | Scr Mat Min Exi Min Mat Fac Low Low Zio Pro Fac Fac Ext Cet Arc Hub Fac Upp Upp War Matter Collected 6644 | 222 . 65 . 23 437 405 220 32 58 345 424 611 1071 281 227 377 359 551 663 273 Remotely . | . . . . . . . . . . . . . . . . . . . . . Salvage Created 11744 | 71 . 94 . 40 575 628 269 49 . 910 952 1367 1323 351 445 1026 660 818 1695 471 Parts 521 | 4 . 5 . 4 35 38 11 2 . 27 38 64 62 7 23 59 32 36 67 7 Haulers Intercepted 2 | . . . . . . . . . . . 1 . . . . 1 . . . . Recyclers Shooed 6 | . . . . . 1 . . . . . 2 1 2 . . . . . . . Parts Field Recycled . | . . . . . . . . . . . . . . . . . . . . . Retrieved Matter . | . . . . . . . . . . . . . . . . . . . . . Parts Self-Destructed 214 | . . . . . . . 8 . 4 25 . . . . . . . 23 32 122 Prevented 68 | . . . . . . . 3 2 . 1 . . . . . . . 10 39 13 Kills | -11 -10 -10 -10 -9 -8 -7 -7 -7 -7 -6 -6 -5 -5 -5 -5 -5 -4 -4 -4 -4 ------- Run | Scr Mat Min Exi Min Mat Fac Low Low Zio Pro Fac Fac Ext Cet Arc Hub Fac Upp Upp War Combat Hostiles Destroyed 201 | . . 2 . 2 14 16 5 1 . 13 16 19 14 5 4 17 10 15 27 21 Guns 120 | . . 2 . 2 8 10 4 . . 7 6 18 11 1 1 7 4 8 21 10 Cannons 27 | . . . . . . 1 1 1 . 6 6 1 3 . 1 . 4 3 . . AOE 46 | . . . . . 6 5 . . . . 4 . . 1 . 10 1 4 4 11 Classes Destroyed 19 | 1 . 1 . 1 4 2 . . . 1 3 1 . . . . . 2 . 3 Worker 7 | . . . . . . . . . . . 2 . . . . 4 1 . . . Builder 3 | . . . . . . . . . . . . 1 1 . . 1 . . . . Hauler 2 | . . . . . . . . . . . 1 . . . . 1 . . . . Recycler 6 | 1 . . . . 1 . . . . . 2 . 2 . . . . . . . Operator 4 | . . . . . 1 . . . . . 1 . . . 2 . . . . . Watcher 6 | . . . . . 1 2 . . . . . 2 1 . . . . . . . Swarmer 44 | . . . . 2 4 5 1 . . 1 4 . . . . 9 . 5 8 5 Grunt 71 | . . 2 . . 6 4 1 . . 3 9 11 3 2 . 4 6 4 9 7 Brawler 7 | . . . . . . . . . . 4 . . . 1 . . . . 1 1 Duelist 8 | . . . . . . 1 2 . . 1 . . . . . . . 1 3 . Protector 2 | . . . . . . . . . . . 1 . . . . . . . . 1 Sentry 29 | . . . . . 2 2 1 . . 2 . 4 8 . 4 3 1 1 1 . Demolisher 2 | . . . . . . . . . . . . . . . . . . . . 2 Hunter 13 | . . . . . 2 . . 1 . 1 . . 1 1 . 1 . 2 4 . Programmer 19 | . . . . . . 4 . . . 1 2 4 2 . . . 3 . 1 2 Behemoth 1 | . . . . . . . . . . . . . . . . . . 1 . . Cetus Guard 1 | . . . . . . . . . . . . . . 1 . . . . . . Striker 2 | . . . . . . . . . . . . . . . . . . . . 2 Executioner 1 | . . . . . . . . . . . . . . . . . . . . 1 Thug 1 | . . . . . . . . . . . . 1 . . . . . . . . Mutant 1 | . . . . . . . . . . . . . . . . . . 1 . . Best Kill Streak 20 | 1 . 2 . 2 7 8 3 1 . 7 5 3 4 4 3 12 4 4 9 20 Combat Bots Only 20 | . . 2 . 2 6 6 3 1 . 7 4 3 3 4 2 9 4 4 9 20 Max Kills in Single Turn 5 | 1 . 1 . 1 3 5 1 1 . 2 5 1 1 2 1 4 1 2 2 4 Gunslinging 1 | . . . . . . 1 . . . . . . . . . . . . 1 1 Exploded 4 | . . . . . 3 4 . . . . 4 . . 1 . 2 1 2 1 4 Melee . | . . . . . . . . . . . . . . . . . . . . . Uniques/NPCs Destroyed . | . . . . . . . . . . . . . . . . . . . . . Combat | -11 -10 -10 -10 -9 -8 -7 -7 -7 -7 -6 -6 -5 -5 -5 -5 -5 -4 -4 -4 -4 -------- Run | Scr Mat Min Exi Min Mat Fac Low Low Zio Pro Fac Fac Ext Cet Arc Hub Fac Upp Upp War Damage Taken 17167 | . . 43 . 73 1187 753 517 84 . 704 1576 581 638 583 269 1072 679 833 2044 5531 Core 1865 | . . . . 9 181 62 44 16 . 136 145 16 25 12 . 62 53 67 37 1000 Absorbed by Shields 780 | . . . . . . . 41 30 . 198 147 33 193 47 . . . . . 91 Reduced by Siege Mode 150 | . . . . . . . . . . . . . . . . . 9 11 75 55 Core Remaining (%) 82 | 100 . . . 96 67 . . . . 63 82 . . . . 88 . . . . Volleys Fired 444 | 2 1 4 . 3 40 31 13 3 2 36 42 26 53 20 16 26 19 38 47 22 Largest 3 | 2 2 2 . 2 3 3 3 3 3 3 3 2 3 2 3 3 3 3 3 3 Hottest 170 | 70 70 60 . 60 141 141 125 125 125 170 166 70 129 94 138 116 127 127 116 126 Shots Fired 1121 | 4 2 8 . 6 110 85 31 9 6 84 94 93 159 30 24 64 47 93 122 50 Gun 867 | 4 2 8 . 6 105 80 26 6 4 54 48 91 126 13 3 52 28 68 102 41 Cannon 166 | . . . . . . 3 5 3 2 30 45 2 33 7 7 . 14 15 . . Launcher 88 | . . . . . 5 2 . . . . 1 . . 10 14 12 5 10 20 9 Special . | . . . . . . . . . . . . . . . . . . . . . Kinetic 895 | 2 1 4 . 3 72 52 24 6 4 54 76 93 159 20 10 52 42 83 102 36 Thermal 83 | 2 1 . . . 32 14 . . . 27 7 . . . . . . . . . Explosive 8 | . . . . . 5 2 . . . . 1 . . . . . . . . . Electromagnetic 124 | . . 4 . 3 1 17 7 3 2 3 10 . . 10 14 12 5 10 20 3 Entropic 11 | . . . . . . . . . . . . . . . . . . . . 11 Robot Hit Streak 45 | 1 1 9 . 4 11 14 11 4 2 17 20 23 21 8 13 11 11 45 22 27 Robot Miss Streak 6 | 1 1 . . 1 3 6 2 3 4 2 5 2 4 1 1 3 3 3 3 3 Penetration Max 3 | . . . . . . . . . . 1 1 2 3 . 1 1 1 1 1 1 Secondary Targets 14 | . . . . . 2 1 . . . . . . . . . 1 . . 8 2 Max Gunslinging Chain 1 | . . . . . 1 1 . . . . . . . . . 1 . . 1 1 Autonomous 73 | . . . . . . . . . . . 9 64 . . . . . . . . Shots Hit Robots 848 | 2 1 8 . 4 75 68 23 6 3 63 82 81 114 21 17 40 33 76 94 37 Core Hits 531 | 2 . 5 . 2 43 46 20 2 2 27 62 46 44 13 17 40 28 37 58 37 Critical Hits 94 | . . . . . 2 . . . . 8 4 10 44 2 . 2 3 6 10 3 Critical Kills 34 | . . . . . . . . . . 5 2 5 14 . . . 2 3 2 1 Critical Parts Destroyed 44 | . . . . . 2 . . . . 3 2 2 21 . . 2 1 2 7 2 Melee Attacks 99 | . . . . . . 1 . . . 5 37 31 . 5 . 3 9 6 . 2 Impact . | . . . . . . . . . . . . . . . . . . . . . Slashing 99 | . . . . . . 1 . . . 5 37 31 . 5 . 3 9 6 . 2 Piercing . | . . . . . . . . . . . . . . . . . . . . . Sneak Attacks 3 | . . . . . . 1 . . . . 1 1 . . . . . . . . Combat Hostiles . | . . . . . . . . . . . . . . . . . . . . . Follow-up Attacks . | . . . . . . . . . . . . . . . . . . . . . Damage Inflicted 30587 | 26 6 89 . 33 1108 2188 541 98 62 1409 2699 2711 2381 1136 974 2128 1496 2373 3393 5736 Guns 16144 | 26 6 89 . 33 786 1099 453 37 38 1053 953 2521 1938 220 98 1168 726 1653 2050 1197 Cannons 3186 | . . . . . . 62 88 61 24 356 1075 84 414 80 204 . 338 400 . . Explosions 10816 | . . . . . 322 921 . . . . 514 . . 836 672 917 432 320 1343 4539 Melee 368 | . . . . . . 105 . . . . 157 106 . . . . . . . . Ramming 73 | . . . . . . 1 . . . . . . 29 . . 43 . . . . Kinetic 17013 | . 6 34 . 10 385 819 432 37 38 828 1661 2605 2352 300 302 1168 1064 2053 2050 869 Thermal 2459 | 26 . . . . 389 932 . . . 529 300 . . 102 . 181 . . . . Explosive 870 | . . . . . 322 204 . . . . 344 . . . . . . . . . Electromagnetic 4991 | . . 55 . 23 12 127 109 61 24 52 237 . . 734 672 736 432 320 1343 54 Impact . | . . . . . . . . . . . . . . . . . . . . . Slashing 368 | . . . . . . 105 . . . . 157 106 . . . . . . . . Piercing . | . . . . . . . . . . . . . . . . . . . . . Entropic 4813 | . . . . . . . . . . . . . . . . . . . . 4813 Highest Corruption 11 | . . . . . . 3 . . . . 1 5 4 . . 1 . 1 2 11 Average Corruption 2 | . . . . . . 2 . . . . 1 2 3 . . 1 . 1 1 8 Corruption Purged 10 | . . . . . . 3 . . . . . 3 4 . . . . . . . Effects 53 | . . . . . . 9 . . . . 3 11 8 . . 3 . 1 9 9 Message Errors 18 | . . . . . . 2 . . . . 1 6 1 . . 3 . . 3 2 Matter Fused 10 | . . . . . . 3 . . . . . 3 1 . . . . . . 3 Heat Flow Errors 5 | . . . . . . 1 . . . . . 1 2 . . . . . 1 . Energy Discharges 7 | . . . . . . 3 . . . . . . 2 . . . . . 1 1 Data Loss (minor) 4 | . . . . . . . . . . . 2 . . . . . . . 1 1 Misfires 1 | . . . . . . . . . . . . . . . . . . . . 1 Targeting Errors 8 | . . . . . . . . . . . . 1 2 . . . . 1 3 1 Overload Shots . | . . . . . . . . . . . . . . . . . . . . . Overflow Damage 643 | . . . . . . 250 . . . . 7 . . . 6 29 7 2 . 342 Projectiles 16 | . . . . . . . . . . . 7 . . . . . 7 2 . . Explosions 562 | . . . . . . 185 . . . . . . . . 6 29 . . . 342 Melee 65 | . . . . . . 65 . . . . . . . . . . . . . . Knockbacks 27 | . . . . . . . . . . 2 17 . 2 . . . 3 3 . . Impact . | . . . . . . . . . . . . . . . . . . . . . Kinetic 26 | . . . . . . . . . . 2 16 . 2 . . . 3 3 . . Secondary 1 | . . . . . . . . . . . 1 . . . . . . . . . Self-Inflicted Damage 433 | . . . . . 4 . . . . . 38 . 10 . . 43 . 18 58 262 Shots 10 | . . . . . 1 . . . . . 1 . . . . 3 . 1 2 2 Rammed 6 | . . . . . . 1 . . . . . . 2 . . 3 . . . . Targets Rammed 6 | . . . . . . 1 . . . . . . 2 . . 3 . . . . Kicked . | . . . . . . . . . . . . . . . . . . . . . Crushed . | . . . . . . . . . . . . . . . . . . . . . Highest Temperature 573 | 40 30 44 . 40 122 244 . . . 77 36 124 573 . 5 . 84 52 543 114 Average Temperature 76 | 20 18 26 . 21 46 34 . . . 22 12 29 126 . 3 . 28 20 155 58 Received Heat Transfer 2968 | . . 24 . . 360 117 75 . . 169 411 119 180 99 45 270 132 192 390 385 Effects 15 | . . . . . . . . . . . . . 9 . . . . . 6 . Shutdowns 4 | . . . . . . . . . . . . . 2 . . . . . 2 . Energy Bleed 2 | . . . . . . . . . . . . . 2 . . . . . . . Interference 3 | . . . . . . . . . . . . . 3 . . . . . . . Matter Decay 1 | . . . . . . . . . . . . . 1 . . . . . . . Damage (minor) 2 | . . . . . . . . . . . . . 1 . . . . . 1 . Damage (major) 3 | . . . . . . . . . . . . . . . . . . . 3 . Siege Activations 18 | . . . . . . . . . . . . . . . . . 4 6 6 2 Total Turns 234 | . . . . . . . . . . . . . . . . . 35 74 102 23 Longest Duration 45 | . . . . . . . . . . . . . . . . . 15 17 45 13 Robots Corrupted 9 | . . . . . . . . . . . . . . 3 2 1 1 . 2 . Combat Hostiles 8 | . . . . . . . . . . . . . . 3 2 . 1 . 2 . Parts Fried 15 | . . . . . . . . . . . . . . 5 2 2 1 . 5 . Impact Corruptions . | . . . . . . . . . . . . . . . . . . . . . Robots Melted . | . . . . . . . . . . . . . . . . . . . . . Combat Hostiles . | . . . . . . . . . . . . . . . . . . . . . Parts Melted 3 | . . . . . . 2 . . . . 1 . . . . . . . . . Heat Transferred 3606 | 74 . . . . 962 932 . . . 938 450 . . 50 . 200 . . . . Parts Sabotaged . | . . . . . . . . . . . . . . . . . . . . . Parts Stolen . | . . . . . . . . . . . . . . . . . . . . . Parts Stripped . | . . . . . . . . . . . . . . . . . . . . . Power Chain Reactions 8 | . . . . . . . . . . . . . . 1 1 6 . . . . Missiles Intercepted . | . . . . . . . . . . . . . . . . . . . . . Alert | -11 -10 -10 -10 -9 -8 -7 -7 -7 -7 -6 -6 -5 -5 -5 -5 -5 -4 -4 -4 -4 ------- Run | Scr Mat Min Exi Min Mat Fac Low Low Zio Pro Fac Fac Ext Cet Arc Hub Fac Upp Upp War Peak Influence 720 | 5 41 65 . 40 245 354 . . . . 450 294 296 137 243 720 315 . . . Average Influence 135 | 3 18 49 . 39 83 100 . . . . 178 146 91 58 188 342 197 . . . Maximum Alert Level 3 | . . . . . 1 1 . . . . 2 1 1 . 1 3 1 . . . Low Security (%) 78 | 100 100 100 . 100 85 91 . . . . 55 80 91 100 52 45 57 . . . Level 1 19 | . . . . . 14 8 . . . . 39 19 8 . 47 3 42 . . . Level 2 2 | . . . . . . . . . . . 5 . . . . 44 . . . . Level 3 . | . . . . . . . . . . . . . . . . 6 . . . . Level 4 . | . . . . . . . . . . . . . . . . . . . . . Level 5 . | . . . . . . . . . . . . . . . . . . . . . High Security . | . . . . . . . . . . . . . . . . . . . . . Max Security . | . . . . . . . . . . . . . . . . . . . . . Squads Dispatched 35 | . 3 . . . 2 9 . . . 1 5 8 1 . . 2 3 . 1 . Investigation 5 | . 2 . . . . 1 . . . . 1 1 . . . . . . . . Extermination 9 | . . . . . . 4 . . . . 1 2 . . . . 2 . . . Reinforcement 12 | . 1 . . . 2 1 . . . . 2 2 1 . . 2 1 . . . Assault 3 | . . . . . . . . . . 1 1 . . . . . . . 1 . Garrison 6 | . . . . . . 3 . . . . . 3 . . . . . . . . Intercept . | . . . . . . . . . . . . . . . . . . . . . Construction Impeded 2 | . . . . . . . . . . . . . 1 . . 1 . . . . Haulers Reinforced 3 | . . . . . . . . . . . 1 1 . . . 1 . . . . Stealth | -11 -10 -10 -10 -9 -8 -7 -7 -7 -7 -6 -6 -5 -5 -5 -5 -5 -4 -4 -4 -4 --------- Run | Scr Mat Min Exi Min Mat Fac Low Low Zio Pro Fac Fac Ext Cet Arc Hub Fac Upp Upp War Distress Signals 18 | . . 3 . . 4 3 . . . . . 1 1 1 . 4 1 . . . Communications Jammed 1 | . . . . . . . . . . . . 1 . . . . . . . . Distress Signals 1 | . . . . . . . . . . . . 1 . . . . . . . . Times Spotted 316 | . 2 2 . 3 22 29 5 1 1 15 30 21 33 12 12 29 16 15 27 41 Peak Tracking Total 20 | . 2 2 . 3 7 7 5 1 1 7 5 3 9 5 2 13 4 4 9 20 Tactical Retreats 29 | . . . . . 2 5 . . . . 4 1 4 1 1 4 1 . 4 2 Traps | -11 -10 -10 -10 -9 -8 -7 -7 -7 -7 -6 -6 -5 -5 -5 -5 -5 -4 -4 -4 -4 ------- Run | Scr Mat Min Exi Min Mat Fac Low Low Zio Pro Fac Fac Ext Cet Arc Hub Fac Upp Upp War Traps Triggered 14 | . 3 . . . . 1 . . . . . 8 1 . . . 1 . . . Indirectly . | . . . . . . . . . . . . . . . . . . . . . Trap Hack Attempts . | . . . . . . . . . . . . . . . . . . . . . Triggered . | . . . . . . . . . . . . . . . . . . . . . Disarmed . | . . . . . . . . . . . . . . . . . . . . . Reprogrammed . | . . . . . . . . . . . . . . . . . . . . . Reused . | . . . . . . . . . . . . . . . . . . . . . Traps Extracted . | . . . . . . . . . . . . . . . . . . . . . Installed . | . . . . . . . . . . . . . . . . . . . . . Triggered 14 | . . . . . . . . . . . . . . . . . . . 1 13 Machines | -11 -10 -10 -10 -9 -8 -7 -7 -7 -7 -6 -6 -5 -5 -5 -5 -5 -4 -4 -4 -4 ---------- Run | Scr Mat Min Exi Min Mat Fac Low Low Zio Pro Fac Fac Ext Cet Arc Hub Fac Upp Upp War Machines Disabled 38 | . . . . . 1 11 . . . . 7 2 2 1 4 4 2 1 . 3 Max in Single Turn 11 | . . . . . 1 11 . . . . 5 1 1 1 2 1 1 1 . 3 Garrison Access 1 | . . . . . . . . . . . 1 . . . . . . . . . Machines Sabotaged . | . . . . . . . . . . . . . . . . . . . . . Garrisons Compromised . | . . . . . . . . . . . . . . . . . . . . . Overloaded Fab Kills . | . . . . . . . . . . . . . . . . . . . . . Fab Network Shutdowns . | . . . . . . . . . . . . . . . . . . . . . Hacking | -11 -10 -10 -10 -9 -8 -7 -7 -7 -7 -6 -6 -5 -5 -5 -5 -5 -4 -4 -4 -4 --------- Run | Scr Mat Min Exi Min Mat Fac Low Low Zio Pro Fac Fac Ext Cet Arc Hub Fac Upp Upp War Machines Accessed 44 | . 2 . 5 . 1 2 . . 1 . 2 8 8 4 . . 5 . . 6 Terminals 22 | . 2 . . . . . . . . . 1 4 8 4 . . 3 . . . Fabricators 3 | . . . . . . . . . . . . 2 . . . . 1 . . . Repair Stations 1 | . . . . . . . . . . . . . . . . . 1 . . . Recycling Units 3 | . . . . . . 1 . . . . 1 1 . . . . . . . . Scanalyzers 2 | . . . . . 1 . . . . . . 1 . . . . . . . . Garrison Access 1 | . . . . . . 1 . . . . . . . . . . . . . . Total Hacks 152 | . 12 . 31 . 1 3 . . 5 . 7 21 24 16 . . 16 . . 16 Successful 103 | . 5 . 31 . 1 . . . 5 . 2 9 19 8 . . 7 . . 16 Failed 49 | . 7 . . . . 3 . . . . 5 12 5 8 . . 9 . . . Catastrophic 8 | . 2 . . . . . . . . . 2 2 2 . . . . . . . Database Lockouts . | . . . . . . . . . . . . . . . . . . . . . Manual 59 | . 11 . 1 . . . . . . . 5 7 14 12 . . 9 . . . Terminals 80 | . 12 . . . . . . . . . 6 12 24 16 . . 10 . . . Fabricators 6 | . . . . . . . . . . . . 4 . . . . 2 . . . Repair Stations 4 | . . . . . . . . . . . . . . . . . 4 . . . Recycling Units 4 | . . . . . . 1 . . . . 1 2 . . . . . . . . Scanalyzers 4 | . . . . . 1 . . . . . . 3 . . . . . . . . Garrison Access 2 | . . . . . . 2 . . . . . . . . . . . . . . Terminal Hacks 74 | . 2 . 31 . . . . . 5 . 1 3 12 4 . . . . . 16 Record 45 | . . . 30 . . . . . . . . . . 1 . . . . . 14 Part Schematic 7 | . 1 . . . . . . . 5 . . . . 1 . . . . . . Open Door 8 | . . . . . . . . . . . . . 5 1 . . . . . 2 Branch Access Points 1 | . 1 . . . . . . . . . . . . . . . . . . . Alert Level 2 | . . . . . . . . . . . 1 1 . . . . . . . . Unreport Threat 6 | . . . . . . . . . . . . 2 3 1 . . . . . . Locate Traps 4 | . . . . . . . . . . . . . 4 . . . . . . . EX-Prototype ID Bank 1 | . . . 1 . . . . . . . . . . . . . . . . . Fabricator Hacks 3 | . . . . . . . . . . . . 2 . . . . 1 . . . Load Schematic 2 | . . . . . . . . . . . . 1 . . . . 1 . . . Build 1 | . . . . . . . . . . . . 1 . . . . . . . . Repair Station Hacks 3 | . . . . . . . . . . . . . . . . . 3 . . . Scan Component 2 | . . . . . . . . . . . . . . . . . 2 . . . Repair 1 | . . . . . . . . . . . . . . . . . 1 . . . Recycling Unit Hacks . | . . . . . . . . . . . . . . . . . . . . . Scanalyzer 4 | . . . . . 1 . . . . . . 3 . . . . . . . . Insert Component 2 | . . . . . 1 . . . . . . 1 . . . . . . . . Analyze 2 | . . . . . . . . . . . . 2 . . . . . . . . Garrison Access Hacks . | . . . . . . . . . . . . . . . . . . . . . Unauthorized Hacks 54 | . 6 . . . . . . . . . 2 6 16 12 . . 12 . . . Terminals 19 | . 3 . . . . . . . . . 1 1 7 4 . . 3 . . . Track 8 | . 1 . . . . . . . . . . . 4 2 . . 1 . . . Botnet 10 | . 2 . . . . . . . . . 1 1 2 2 . . 2 . . . Disrupt 1 | . . . . . . . . . . . . . 1 . . . . . . . Fabricators . | . . . . . . . . . . . . . . . . . . . . . Repair Stations . | . . . . . . . . . . . . . . . . . . . . . Recycling Units . | . . . . . . . . . . . . . . . . . . . . . Scanalyzers . | . . . . . . . . . . . . . . . . . . . . . Garrison Access . | . . . . . . . . . . . . . . . . . . . . . Data Cores Recovered . | . . . . . . . . . . . . . . . . . . . . . Used . | . . . . . . . . . . . . . . . . . . . . . Hacking Detections 28 | . 2 . . . . 2 . . . . 2 7 6 4 . . 5 . . . Full Trace Events 3 | . 1 . . . . . . . . . 1 1 . . . . . . . . Feedback Events 1 | . . . . . . . . . . . . 1 . . . . . . . . Corruption 1 | . . . . . . . . . . . . 1 . . . . . . . . Feedback Blocked . | . . . . . . . . . . . . . . . . . . . . . Robot Schematics Acquired . | . . . . . . . . . . . . . . . . . . . . . Robots Built . | . . . . . . . . . . . . . . . . . . . . . Matter . | . . . . . . . . . . . . . . . . . . . . . Time . | . . . . . . . . . . . . . . . . . . . . . Total Robot Build Rating . | . . . . . . . . . . . . . . . . . . . . . Part Schematics Acquired 8 | . 1 . . . . . . . 5 . . 1 . 1 . . . . . . Parts Built 2 | . . . . . . . . . . . . 2 . . . . . . . . Matter 212 | . . . . . . . . . . . . 212 . . . . . . . . Time 106 | . . . . . . . . . . . . 106 . . . . . . . . Total Part Build Rating 12 | . . . . . . . . . . . . 12 . . . . . . . . Parts Repaired 1 | . . . . . . . . . . . . . . . . . 1 . . . Time 25 | . . . . . . . . . . . . . . . . . 25 . . . Parts Recycled . | . . . . . . . . . . . . . . . . . . . . . Recycled Matter . | . . . . . . . . . . . . . . . . . . . . . Retrieved Matter . | . . . . . . . . . . . . . . . . . . . . . Retrieved Components . | . . . . . . . . . . . . . . . . . . . . . Parts Scanalyzed 1 | . . . . . . . . . . . . 1 . . . . . . . . Part Schematics Acquired 1 | . . . . . . . . . . . . 1 . . . . . . . . Parts Damaged . | . . . . . . . . . . . . . . . . . . . . . Bothacking | -11 -10 -10 -10 -9 -8 -7 -7 -7 -7 -6 -6 -5 -5 -5 -5 -5 -4 -4 -4 -4 ------------ Run | Scr Mat Min Exi Min Mat Fac Low Low Zio Pro Fac Fac Ext Cet Arc Hub Fac Upp Upp War Used RIF Installer . | . . . . . . . . . . . . . . . . . . . . . Robots Hacked . | . . . . . . . . . . . . . . . . . . . . . Non-combat . | . . . . . . . . . . . . . . . . . . . . . Combat . | . . . . . . . . . . . . . . . . . . . . . Robot Hacks Applied . | . . . . . . . . . . . . . . . . . . . . . Relay Couplers Released 3 | . . . . . . . . . . . 3 . . . . . . . . . Programmers 3 | . . . . . . . . . . . 3 . . . . . . . . . Robots Rewired 23 | . . . . . . . 1 . . 2 . . 18 . . . . . 2 . Allies Hacked 1 | . . . . . . . . . . . . 1 . . . . . . . . Hacks Repelled . | . . . . . . . . . . . . . . . . . . . . . Allies | -11 -10 -10 -10 -9 -8 -7 -7 -7 -7 -6 -6 -5 -5 -5 -5 -5 -4 -4 -4 -4 -------- Run | Scr Mat Min Exi Min Mat Fac Low Low Zio Pro Fac Fac Ext Cet Arc Hub Fac Upp Upp War Total Allies 32 | . . . . . . . 1 . . 2 . 3 24 . . . . . 2 . Largest Group 8 | . . . . . . . 1 1 1 2 . 3 8 6 . . . . 2 2 Highest-Rated Group 206 | . . . . . . . 30 30 30 40 . 93 206 137 . . . . 78 78 Highest-Rated Ally 156 | . . . . . . . 30 30 30 30 . 31 156 37 . . . . 48 48 Total Orders 1 | . . . . . . . . . . . . . . . . . . 1 . . EXPLORE 1 | . . . . . . . . . . . . . . . . . . 1 . . Ally Attacks 174 | . . . . . . . . 4 3 19 . 3 124 21 . . . . . . Total Damage 3962 | . . . . . . . . 77 107 323 . 26 3014 415 . . . . . . Kills 22 | . . . . . . . . . . 2 . . 16 4 . . . . . . Allies Corrupted 2 | . . . . . . . . . . . . . . . . . . . . 2 Allies Melted 2 | . . . . . . . . . . 1 . . 1 . . . . . . . Intel | -11 -10 -10 -10 -9 -8 -7 -7 -7 -7 -6 -6 -5 -5 -5 -5 -5 -4 -4 -4 -4 ------- Run | Scr Mat Min Exi Min Mat Fac Low Low Zio Pro Fac Fac Ext Cet Arc Hub Fac Upp Upp War Robot Analysis Total . | . . . . . . . . . . . . . . . . . . . . . Derelict Logs Recovered 14 | . . 2 . 2 . . 3 3 . 2 . . . . . . . 2 . . Drone Launches 3 | . . . . . . . . . . . . . . . . . . 3 . . Drone Recoveries . | . . . . . . . . . . . . . . . . . . . . . Exploration | -11 -10 -10 -10 -9 -8 -7 -7 -7 -7 -6 -6 -5 -5 -5 -5 -5 -4 -4 -4 -4 ------------- Run | Scr Mat Min Exi Min Mat Fac Low Low Zio Pro Fac Fac Ext Cet Arc Hub Fac Upp Upp War Turns Passed 17402 | 22 268 203 466 273 624 1802 549 587 1498 1043 1359 1978 1377 360 239 415 1274 863 1009 1193 Spaces Moved 8885 | 12 159 122 380 174 229 767 288 338 834 476 557 1165 585 164 105 192 684 468 531 655 Core 2 | . . . . . . . . . . . . . . . . . . . . 2 Treads 2021 | . 103 47 . . 46 . . . . 347 69 14 . . . 1 84 143 514 653 Legs 473 | 5 . . . . . . . . . 112 356 . . . . . . . . . Wheels 6389 | 7 56 75 380 174 183 767 288 338 834 17 132 1151 585 164 105 191 600 325 17 . Hover . | . . . . . . . . . . . . . . . . . . . . . Flight . | . . . . . . . . . . . . . . . . . . . . . Fastest Speed 100 | 100 100 120 120 140 140 150 170 170 170 180 110 110 140 135 145 145 135 145 145 157 Average Speed 153 | 108 157 143 121 140 151 161 170 170 176 180 171 125 140 141 145 145 146 148 155 159 Slowest Speed 1100 | 120 180 180 140 140 180 170 170 170 180 180 420 250 145 145 145 185 158 158 157 1100 Overloaded Moves . | . . . . . . . . . . . . . . . . . . . . . Propulsion Burnouts . | . . . . . . . . . . . . . . . . . . . . . Robots Hopped . | . . . . . . . . . . . . . . . . . . . . . Cave-ins Triggered . | . . . . . . . . . . . . . . . . . . . . . Exploration Rate (%) 48 | 3 44 18 76 36 20 18 54 58 81 65 24 29 77 78 78 26 19 70 59 88 Regions Visited 20 Branch Regions 14 Pre-discovered Areas 3 | . . . 1 . . . . . 2 . . . . . . . . . . . Known Exits Taken 6 | . 1 . 1 . 1 . . . . 1 1 1 . . . . . . . . Unknown Exits Taken 14 | 1 . 1 . 1 . 1 1 1 1 . . . 1 1 1 1 1 1 1 . Scrap Searched 14 | . . . . 1 . . . 2 3 3 . . . . . . . 2 3 . Spaces Dug 102 | . . . . . . . . . . 5 34 30 . . . 3 9 5 . 16 Terrain Destroyed 454 | . . . . . 24 10 . 2 . 17 61 56 10 16 3 38 20 27 22 148 Melee 86 | . . . . . . . . . . 5 34 30 . . . 3 9 5 . . Projectile 128 | . . . . . . . . 2 . 12 6 26 10 . 3 12 11 22 22 2 AOE 240 | . . . . . 24 10 . . . . 21 . . 16 . 23 . . . 146 Actions | -11 -10 -10 -10 -9 -8 -7 -7 -7 -7 -6 -6 -5 -5 -5 -5 -5 -4 -4 -4 -4 --------- Run | Scr Mat Min Exi Min Mat Fac Low Low Zio Pro Fac Fac Ext Cet Arc Hub Fac Upp Upp War Total 11778 | 16 173 142 383 199 433 1263 319 344 854 583 815 1613 1040 254 171 268 916 573 646 773 Wait 1694 | . 2 12 . 17 138 401 6 1 2 35 134 275 228 49 35 36 188 45 45 45 Move 8865 | 11 158 121 379 173 228 766 287 337 833 475 556 1164 584 163 104 191 683 467 530 655 Hop . | . . . . . . . . . . . . . . . . . . . . . Pick Up 127 | . 4 4 2 4 7 20 . 2 6 3 14 27 4 5 2 2 2 3 7 9 Fast Attach 64 | 2 2 . . . 3 5 1 . 2 . 7 26 2 . 4 . 3 1 . 6 Attach 68 | . . . . . 11 8 2 1 1 5 8 7 2 2 1 1 2 . 7 10 Detach 12 | . . . . . . 2 . . . . 2 1 2 . 1 . . . 1 3 Swap 111 | . 3 1 2 . 5 14 2 . 1 6 8 18 15 7 2 6 5 6 3 7 Drop 117 | 1 3 . . 2 1 14 . . 7 1 7 38 8 3 6 . 5 6 1 14 Fire 444 | 2 1 4 . 3 40 31 13 3 2 36 42 26 53 20 16 26 19 38 47 22 Melee 99 | . . . . . . 1 . . . 5 37 31 . 5 . 3 9 6 . 2 Ram 3 | . . . . . . 1 . . . . . . 1 . . 1 . . . . Kick . | . . . . . . . . . . . . . . . . . . . . . Crush 3 | . . . . . . . . . . . . . 1 . . 2 . . . . Escape Stasis 8 | . . . . . . . . . . . . . 8 . . . . . . . Rewire 162 | . . . . . . . 8 . . 17 . . 132 . . . . . 5 . Trap . | . . . . . . . . . . . . . . . . . . . . . Miscellaneous 1 | . . . . . . . . . . . . . . . . . . 1 . . Route ------- -11/Scrapyard -10/Materials (discovered 3 exits: [*Mat] / *Min x2) -10/Mines -10/Exiles (discovered 2 exits: *Min x2) -9/Mines -8/Materials (discovered 4 exits: *Fac x3 / [*Sto]) -7/Factory -7/Lower Caves -7/Lower Caves -7/Zion -6/Proximity Caves -6/Factory (discovered 3 exits: *Fac x2 / Low) -5/Factory (discovered 3 exits: *Fac / [*Upp] / *Ext) -5/Extension (discovered 2 exits: *Fac / *Cet) -5/Cetus -5/Archives (discovered 2 exits: *Fac / [*Hub]) -5/Hub_04(d) -4/Factory -4/Upper Caves -4/Upper Caves -4/Warlord History --------- Turn | Location | Event 1 | -11/Scrapyard | Discovered new exit (range 3) 23 | -11/Scrapyard | Entered Materials 195 | -10/Materials | Discovered new exit (range 7) 201 | -10/Materials | Identified exit to Mines 291 | -10/Materials | Entered Mines 313 | -10/Mines | Build established: Mutant 376 | -10/Mines | Learned Materials security intel 379 | -10/Mines | Assembled infested the area 384 | -10/Mines | Assisted by a Guerilla fighting off Assembled 451 | -10/Mines | Found a damaged Exp. Sensor Array with a note attached 455 | -10/Mines | Found Prototype Device 488 | -10/Mines | Deemed a non-threat by the Exiles lab entrance 489 | -10/Mines | Discovered new exit (range 5) 494 | -10/Mines | Entered Exiles 495 | -10/Exiles | Identified exit to Mines 527 | -10/Exiles | Met 8R-AWN 550 | -10/Exiles | Met EX-HEX 590 | -10/Exiles | Met EX-BIN 617 | -10/Exiles | Aligned with FarCom system 618 | -10/Exiles | Given EX-Vault access code 674 | -10/Exiles | Opened EX-Vault 686 | -10/Exiles | Found AWS/Gauss 713 | -10/Exiles | Warned to stay clear of 0b10 Research branches 753 | -10/Exiles | Met EX-DEC 758 | -10/Exiles | Learned location of Zion (-7) 822 | -10/Exiles | Visited The Gauntlet 960 | -10/Exiles | Left Exiles lab with AWS/Gauss 960 | -10/Exiles | Entered Mines 1011 | -9/Mines | Met a Derelict bent on vengeance 1024 | -9/Mines | Learned Materials trap positions 1090 | -9/Mines | Learned location of 2 exits from Materials 1103 | -9/Mines | Discovered new exit (range 9) 1211 | -9/Mines | Build established: Hauler-Mutant 1233 | -9/Mines | Entered Materials 1233 | -8/Materials | Evolved 4 slots: Propulsion x1, Utility x2, Weapon x1 1234 | -8/Materials | Identified exit to Factory 1235 | -8/Materials | Loaded intel: 29 trap records 1319 | -8/Materials | Identified Exp. Sensor Array 1625 | -8/Materials | Build established: Hauler-Skirmisher 1666 | -8/Materials | Lost 4 parts (1p2n1w) 1691 | -8/Materials | Discovered new exit (range 11) 1749 | -8/Materials | Lost 4 parts (1p1n1u1w) 1808 | -8/Materials | Discovered exit to Factory (range 16) 1857 | -8/Materials | Entered Factory 1857 | -7/Factory | Evolved 2 slots: Propulsion x1, Utility x1 2047 | -7/Factory | Build established: Scavenger-Skirmisher 2574 | -7/Factory | Lost 3 parts (1n2w) 2738 | -7/Factory | Garrison activated, responded to threat 3514 | -7/Factory | Discovered new exit (range 15) 3659 | -7/Factory | Entered Lower Caves 3808 | -7/Lower Caves | Build established: Hauler-Mutant 3996 | -7/Lower Caves | Learned Factory emergency access door positions 4018 | -7/Lower Caves | Learned Factory trap positions 4055 | -7/Lower Caves | Discovered new exit (range 9) 4074 | -7/Lower Caves | Attracted the attention of an 0b10 outpost 4208 | -7/Lower Caves | Entered another Lower Caves area 4208 | -7/Lower Caves | Accompanied by 1 ally 4254 | -7/Lower Caves | Learned 12 Factory zone layouts 4271 | -7/Lower Caves | Learned Factory emergency access door positions 4372 | -7/Lower Caves | Learned Factory non-interactive machine intel 4452 | -7/Lower Caves | Encountered a Warlord checkpoint 4499 | -7/Lower Caves | Build established: Hauler-Gunner 4782 | -7/Lower Caves | Discovered new exit (range 6) 4795 | -7/Lower Caves | Entered Zion 4795 | -7/Zion | Accompanied by 1 ally 4844 | -7/Zion | Given A8's code to call for help 4915 | -7/Zion | Discovered new exit (range 12) 5209 | -7/Zion | Learned location of Warlord (-4) 5233 | -7/Zion | Found Prototype Launcher 5234 | -7/Zion | Identified Rocket Array 5499 | -7/Zion | Learned location of Quarantine (-3) 5677 | -7/Zion | Acquired unknown access codes intercepted by a Zionite 5948 | -7/Zion | Rebuked by Imprinter 6293 | -7/Zion | Entered Proximity Caves 6293 | -6/Proximity Caves | Accompanied by 1 ally 6322 | -6/Proximity Caves | Attracted the attention of an 0b10 outpost 6387 | -6/Proximity Caves | Destroyed 7 combat bots 6725 | -6/Proximity Caves | Learned 4 Factory zone layouts 6820 | -6/Proximity Caves | Identified exit to Factory 6863 | -6/Proximity Caves | Build established: Hauler-Mutant 7036 | -6/Proximity Caves | P-60 Hacker assimilated allied Gladiator 5a 7085 | -6/Proximity Caves | Attracted the attention of an 0b10 checkpoint 7145 | -6/Proximity Caves | Lost 3 parts (2n1w) 7336 | -6/Proximity Caves | Entered Factory 7336 | -6/Factory | Evolved 2 slots: Propulsion x1, Utility x1 7337 | -6/Factory | Identified exit to Lower Caves 7337 | -6/Factory | Identified exit to Factory 7338 | -6/Factory | Loaded intel: 89 trap records 7340 | -6/Factory | Loaded intel: 207 non-interactive machine locations 7565 | -6/Factory | Build established: Scavenger-Mutant 8407 | -6/Factory | Lost 8 parts (1p3n3u1w) 8695 | -6/Factory | Entered another Factory area 8695 | -5/Factory | Evolved 2 slots: Propulsion x1, Utility x1 8696 | -5/Factory | Identified exit to Extension 9484 | -5/Factory | Allied Derelicts emerged from ambush trap array 9913 | -5/Factory | Discovered new exit (range 16) 10152 | -5/Factory | Fabricated Arm. Medium Treads? 10340 | -5/Factory | Build established: Hauler-Tank 10378 | -5/Factory | Found Prototype Launcher 10378 | -5/Factory | Identified Scatter Rocket Array 10410 | -5/Factory | Discovered new exit (range 10) 10411 | -5/Factory | Garrison activated, responded to threat 10620 | -5/Factory | Found Hvy. Reactive Plating 10623 | -5/Factory | Found Hvy. Reactive Plating 10673 | -5/Factory | Entered Extension 10718 | -5/Extension | Disrupted transfer network 10808 | -5/Extension | Rescued a captive Derelict 10809 | -5/Extension | Rescued a captive Derelict 11316 | -5/Extension | Rescued a captive Derelict 11453 | -5/Extension | Rescued A7 11466 | -5/Extension | Spotted B-75 Beast 11492 | -5/Extension | Allies destroyed B-75 Beast 11500 | -5/Extension | Spotted B-75 Beast 11531 | -5/Extension | Allies destroyed B-75 Beast 11738 | -5/Extension | Rescued a captive Derelict 11775 | -5/Extension | Rescued a captive Derelict 11859 | -5/Extension | Build established: Scavenger-Tank 11988 | -5/Extension | Discovered new exit (range 10) 11989 | -5/Extension | Discovered new exit (range 6) 12050 | -5/Extension | Entered Cetus 12050 | -5/Cetus | Accompanied by 6 allies 12071 | -5/Cetus | Spotted Cetus Guard 12071 | -5/Cetus | Spotted Cetus Guard 12076 | -5/Cetus | Spotted Cetus Guard 12080 | -5/Cetus | Spotted Cetus Guard 12081 | -5/Cetus | Allies destroyed Cetus Guard 12089 | -5/Cetus | Allies destroyed Cetus Guard 12093 | -5/Cetus | Allies destroyed Cetus Guard 12164 | -5/Cetus | Destroyed Cetus Guard 12390 | -5/Cetus | Discovered new exit (range 15) 12410 | -5/Cetus | Entered Archives 12565 | -5/Archives | Discovered new exit (range 16) 12614 | -5/Archives | Discovered new exit (range 16) 12624 | -5/Archives | Unable to access archive contents 12649 | -5/Archives | Entered Hub_04(d) 12878 | -5/Hub_04(d) | Destroyed 9 combat bots 13045 | -5/Hub_04(d) | Discovered new exit (range 12) 13064 | -5/Hub_04(d) | Entered Factory 13064 | -4/Factory | Evolved 2 slots: Propulsion x1, Utility x1 13479 | -4/Factory | Build established: Scavenger-Mutant 13586 | -4/Factory | Repaired Hvy. Reactive Plating 14106 | -4/Factory | Build established: Scavenger-Tank 14271 | -4/Factory | Discovered new exit (range 16) 14338 | -4/Factory | Entered Upper Caves 14508 | -4/Upper Caves | Spotted B-86 Titan 14649 | -4/Upper Caves | Destroyed B-86 Titan 14809 | -4/Upper Caves | Attracted the attention of an 0b10 checkpoint 14842 | -4/Upper Caves | Learned Research emergency access door positions 15050 | -4/Upper Caves | Learned 4 Research zone layouts 15142 | -4/Upper Caves | Attacked by a delusional Derelict stockpiling parts 15191 | -4/Upper Caves | Discovered new exit (range 9) 15201 | -4/Upper Caves | Entered another Upper Caves area 15444 | -4/Upper Caves | Encountered a Warlord checkpoint 16093 | -4/Upper Caves | Attracted the attention of an 0b10 outpost 16138 | -4/Upper Caves | Destroyed 9 combat bots 16145 | -4/Upper Caves | Lost 3 parts (2u1w) 16162 | -4/Upper Caves | Discovered new exit (range 3) 16210 | -4/Upper Caves | Entered Warlord 16210 | -4/Warlord | Accompanied by 2 allies 16297 | -4/Warlord | System corruption reached 10% 16316 | -4/Warlord | System corruption cleaned by Quarantine Array 16564 | -4/Warlord | Warlord's base attacked by MAIN.C 16582 | -4/Warlord | Found Prototype Energy Gun 16582 | -4/Warlord | Identified Vortex Shotgun 16587 | -4/Warlord | Found Prototype Launcher 16587 | -4/Warlord | Identified Vortex Catalyst Activator 16591 | -4/Warlord | Found Vortex Shotgun 16824 | -4/Warlord | Learned 4 Armory zone layouts 16824 | -4/Warlord | Learned 4 Research zone layouts 16824 | -4/Warlord | Learned 4 Access zone layouts 16826 | -4/Warlord | Learned Armory security intel 16826 | -4/Warlord | Learned Research scanalyzer intel 16914 | -4/Warlord | Warlord forces counterattacked 16977 | -4/Warlord | Met Warlord 17080 | -4/Warlord | Found Prototype Device 17080 | -4/Warlord | Identified Thermal Barrier 17095 | -4/Warlord | Found Prototype Reactor 17107 | -4/Warlord | Found Prototype Processor 17221 | -4/Warlord | Opened side exit 17273 | -4/Warlord | Spotted Striker 17273 | -4/Warlord | Spotted Striker 17277 | -4/Warlord | Destroyed Striker 17277 | -4/Warlord | Destroyed Striker 17277 | -4/Warlord | Spotted Executioner 17281 | -4/Warlord | Build established: Scavenger-Mutant 17294 | -4/Warlord | Destroyed Executioner 17325 | -4/Warlord | Lost 6 parts (1p3n2u) 17328 | -4/Warlord | Destroyed 20 combat bots 17337 | -4/Warlord | Spotted B-90 Cyclops 17366 | -4/Warlord | Spotted Striker 17366 | -4/Warlord | Spotted Executioner 17366 | -4/Warlord | Spotted Executioner 17390 | -4/Warlord | Core integrity fell below 50% 17400 | -4/Warlord | Core integrity fell below 20% 17403 | -4/Warlord | Destroyed by B-74 Champion with Powered Hammer Last Messages --------------- 17387_ Penetrated by Slug. 17387_ Thermal Barrier destroyed. 17387_ Slug penetrates G-67 Veteran. 17387_ G-73 Enforcer suffers critical hit. 17387_ Penetrated by Slug. 17389_ Arm. Medium Treads destroyed. 17389_ Penetrated by Slug. 17390_ Slug penetrates B-74 Champion. 17390_ Slug penetrates Striker. 17390_ Penetrated by Slug. 17390_ Slug penetrates H-77 Assassin. 17393_ Slug penetrates G-73 Enforcer. 17393_ Slug penetrates G-67 Veteran. 17395_ System corrupted: Component data lost. 17396_ Penetrated by Slug. 17396_ Exp. Energy Well destroyed. 17397_ Autogun fries itself beyond repair. 17400_ VTOL Module fries itself beyond repair. 17401_ Lgt. Nuclear Core fries itself beyond repair. 17401_ Penetrated by Slug. Map ----- +----------------------------------------------------+ | ??????????????????????????????? | | ??????????????????????????????? | | ??????????????????????????????? | | ??????????????????????????????? | | ??????????????????????????????? | | ??????????????????????????????? | | ??????????????????????????????? | | ??????????????????????????????? | | ??????????????????????????????? | | ??????????????????????????????? | | ??????????????????????? ??????? | | ????????????????????? ?????? | | ???????????????????? ?????? | | ????????????????????? ?????? | | ????????????????????? ?????? | | ????????????????????? ?????? | | ?????????????????????? ?????? | | ??????????????????#??? ;?????? | | ?????????????? ##?# ?? ;####?? | | ????????????? ? ?? ;;#?? | | ????????????? ##; ##? | | ?????????????# # #? | | ??????????????# # ; ?? | | ???????????????# # #?# | | ???????????????# # # # # | | ???????????????# =% # @ ; # | | ##?????????????### !=% bK ;# | | "############?## ; %*=g g ; | | """"""""""""#?# % E s | | """"""""""""### giEhg | | ##; h | | ^+%[ | | +% % h | | ## = | | """"""""""""## | | """"""""""""## ; | | "############## ; ; # | | ##????????????#"; % h ### | | ??????????????## ;;;= #?? | | ??????????????# % ##"[= ##?? | | ?????????????## %####%*% #??? | | ?????????????# #??##=[ "#??? | | ?????????????# #?###= "###? | | ?????????????# ##?# " %% ## | | ?????????????#* #?## %= | | ????????????## ### # | | ???????????## % ## % | | ???????????# = #" " | | ???????##### ## " % " | | ??????## # #### " | +----------------------------------------------------+ Best States ------------- Heat Dissipation 74 Energy Generation 23 Energy Capacity 1340 Matter Stores 420 Matter Capacity 450 Sight Range 16 Robot Scan Range 30 Terrain Scan Density 10 Jamming Range 12 Armor Coverage 2100 Resistance: KI 40 Resistance: TH 50 Weapon Cycling 20 Evasion (%) 40 Recoil Reduction 7 Matter Filtering 30 Kinecelleration 40 Defensive Hacking 14 Item Schematics ----------------- Hcp. Storage Unit | -10/Materials | Hacked Hvy. Riot Gun | -7/Zion | Free Battle Rifle | -7/Zion | Free Battle Cannon | -7/Zion | Free Slug Cannon | -7/Zion | Free Flamer | -7/Zion | Free Arm. Medium Treads | -5/Factory | Scanalyzed Hvy. Treads | -5/Cetus | Hacked Robot Schematics ------------------ None Fabricated ------------ Arm. Medium Treads | x2 | -5/Factory Alien Tech Used ----------------- None Achievements -------------- None Challenges ------------ None Game ------ Seed BattleTrapTorch Manual? 0 Play Time 04:28:16 Cumulative 642.1 hours Start 2020.01.23 @ 10:19:46 End 2020.01.25 @ 20:30:17 Sessions 15 Manual Loads 0 Difficulty Rogue Special Mode None Game No. 193 Rogue 193 Adventurer 0 Explorer 0 Win Type - Total 25 Types 18/1/3/3/0/0/0 Lore% 65 Gallery% 83 Achievement% 66 Wizard Run 0 Options --------- ASCII 0 Keyboard 1 Movement Numpad Keybinds 0 Fullscreen 1 Font 24/Smallcaps Map View 76x50 Tactical HUD 1 Map Filters NONE Filters NONE Steam 1 RUN: c037d690-552a-46c7-80aa-a76388cc2993